 Dungeon Crawl Stone Soup version 0.21.1-1-g345015f (webtiles) character file.

102 dvd the Chiller (level 4, -7/18 HPs)
             Began as a Felid Ice Elementalist on July 13, 2018.
             Killed from afar by an orc wizard (10 damage)
             ... with a puff of flame
             ... on level 2 of the Dungeon.
             The game lasted 00:08:08 (3181 turns).

dvd the Chiller (Felid Ice Elementalist)            Turns: 3181, Time: 00:08:09

Health: -7/18      AC:  1    Str:  4    XL:     4   Next: 49%
Magic:  0/10       EV: 18    Int: 17    God:
Gold:   88         SH:  0    Dex: 16    Spells: 3/9 levels left
                                        Lives:  0   Deaths: 1

rFire    . . .     SeeInvis +   (weapon unavailable)
rCold    . . .     Gourm    .   (shield unavailable)
rNeg     . . .     Faith    .   (armour unavailable)
rPois    .         Spirit   .   (helmet unavailable)
rElec    .         Reflect  .   (cloak unavailable)
rCorr    .         Harm     .   (gloves unavailable)
MR       +....                  (boots unavailable)
Stlth    +++.......             (no amulet)
HPRegen  0.06/turn              i - ring of wizardry
MPRegen  0.12/turn              n - ring of protection from magic

@: very slightly contaminated, quick
A: very small, no armour, no weapons or thrown items, stealth, claws 1, fangs 3,
see invisible, carnivore, speed 1, shaggy fur 1, slow metabolism 1, sharp paws
a: no special abilities


You were on level 2 of the Dungeon.
You were completely stuffed.

You visited 1 branch of the dungeon, and saw 3 of its levels.

You collected 88 gold pieces.

Inventory:

Jewellery
 i - a ring of wizardry (left paw)
 n - a ring of protection from magic (right paw)
Scrolls
 d - 3 scrolls of remove curse {unknown}
 g - a scroll of amnesia {unknown}
 h - a scroll of immolation {unknown}
 j - 2 scrolls of identify {unknown}
 l - 2 scrolls of fear {unknown}
 o - a scroll of teleportation {unknown}
 p - a scroll of noise {unknown}
Potions
 c - a potion of brilliance {unknown}
 e - a potion of degeneration {unknown}
 f - 3 potions of flight {unknown}
 k - 2 potions of resistance {unknown}
 q - a potion of lignification {unknown}
 r - 2 potions of berserk rage {unknown}
 s - a potion of curing {unknown}
Books
 a - a book of Frost

   Spells                             Type                      Level
   a - Freeze                         Ice                          1
   b - Throw Frost                    Conjuration/Ice              2
   c - Ozocubu's Armour               Charms/Ice                   3
   d - Throw Icicle                   Conjuration/Ice              4
   e - Summon Ice Beast               Ice/Summoning                4
Comestibles
 b - a ration
 m - a chunk of flesh


   Skills:
 + Level 0.1 Fighting
 + Level 2.9 Dodging
 + Level 3.8 Stealth
 + Level 0.2 Unarmed Combat
 + Level 3.4 Spellcasting
 + Level 1.0 Conjurations
 + Level 4.0 Ice Magic


You had 3 spell levels left.
You knew the following spells:

 Your Spells              Type           Power        Failure   Level  Hunger
a - Freeze                Ice            ###.         1%          1    None
b - Throw Frost           Conj/Ice       ##....       3%          2    ##.....
c - Ozocubu's Armour      Chrm/Ice       #.......     9%          3    ###....


Dungeon Overview and Level Annotations

Branches:
Dungeon (3/15)

Altars:


Innate Abilities, Weirdness & Mutations

You cannot wear armour.
You are incapable of wielding weapons or throwing items.
Your paws allow you to move quietly. (Stealth)
You have sharp claws.
You have razor-sharp teeth.
You have supernaturally acute eyesight. (SInv)
You are carnivorous and can eat meat at any time.
You cover ground quickly.
You are covered in fur. (AC +1)
You have a slow metabolism.
Your sharp claws are effective at attacking unaware monsters.


Message History

The orc wizard gestures at you while chanting.
The magic dart hits you!
* * * LOW HITPOINT WARNING * * *
You barely miss the orc wizard.
The orc wizard is severely wounded.
The orc wizard misses you.
You closely miss the orc wizard. You bite the orc wizard.
The orc wizard is almost dead.
The orc wizard misses you.
Casting: Freeze
Confirm with . or Enter, or press ? or * to list all spells.
Aiming: Freeze
Press: ? - help, Shift-Dir - straight line, f/p - orc wizard
Aim: an orc wizard, wielding a dagger and wearing a robe (severely wounded, slightly transparent)
You freeze the orc wizard.
The orc wizard is almost dead.
The orc wizard gestures at you while chanting.
The puff of flame hits you!
Ouch! That really hurt!
You die...

..# ######## #...# ..#
#......# ##.#.# ..#
#......# ##....# ..#
#......####.....###
..#
#............##...#
..###
####.).....########..#
....#####.........##
#..#
..#.......##...o..#
#..#
...###..####....@.#
#..##
...###.....)......#
#...#
.....#...##.##.####
#.#.# ..##........##.#
#.#.##
.###...###..#..#
#.#..#
###......##.#.##
#.##.# ....##.#.##.#.#
#.##.# ...###.#....#.#
#.##.##
######.###..#.#
#.##..#


You could see an orc wizard (invisible).

Vanquished Creatures
  2 orc priests (D:3)
  3 adders
  A worm (D:2)
  4 leopard geckos
  8 orcs
  5 bats
  3 giant cockroaches
  6 goblins
  8 hobgoblins
  A jackal (D:1)
  4 ball pythons
  3 frilled lizards
  5 kobolds
  5 rats
58 creatures vanquished.

Notes
Turn   | Place    | Note
-------+----------+-------------------------------------------
     0 | D:1      | dvd the Felid Ice Elementalist began the quest for the Orb.
     0 | D:1      | Reached XP level 1. HP: 7/7 MP: 4/4
   112 | D:1      | Reached skill level 3 in Ice Magic
   118 | D:1      | Reached XP level 2. HP: 11/11 MP: 0/6
   240 | D:1      | Learned a level 2 spell: Throw Frost
   627 | D:1      | You fall through a shaft!
  1206 | D:2      | Reached XP level 3. HP: 13/14 MP: 0/7
  1777 | D:2      | Learned a level 3 spell: Ozocubu's Armour
  2259 | D:3      | Reached XP level 4. HP: 18/18 MP: 0/9
  2743 | D:2      | Slain by an orc
  2744 | D:2      | Reached XP level 3. HP: 0/14 MP: 5/8
  2786 | D:3      | Reached skill level 1 in Conjurations
  2786 | D:3      | Reached skill level 4 in Ice Magic
  2786 | D:3      | Reached XP level 4. HP: 2/18 MP: 1/9
  3181 | D:2      | Killed from afar by an orc wizard

Skill      XL: |  1  2  3  4 |
---------------+-------------+-----
Ice Magic      | 3 4 |  4.0
Stealth        | 3 |  3.8
Spellcasting   | 3 |  3.4
Conjurations   | 1 |  1.0
Fighting       | |  0.1
Dodging        | |  2.9
Unarmed Combat | |  0.2

Action                   |  1- 3 |  4- 6 || total
-------------------------+-------+-------++-------
Melee: Unarmed           |    12 |    12 ||    24
       Bite              |     3 |     1 ||     4
 Cast: Freeze            |    61 |    24 ||    85
       Throw Frost       |    12 |    12 ||    24
       Ozocubu's Armour  |     1 |     1 ||     2
 Stab: Sleeping          |     6 |       ||     6
  Eat: Chunk             |    17 |     2 ||    19
Armor: Skin              |     2 |     1 ||     3
Dodge: Dodged            |    47 |    30 ||    77
